 Dungeon Crawl Stone Soup version 0.28.0-45-g0d030f2227 (webtiles) character file.

Game seed: 7259125451311678875

302 H0rd4k the Magician (level 6, -8/32 HPs)
             Began as a Deep Elf Hedge Wizard on Apr 12, 2022.
             Killed from afar by an orc wizard (10 damage)
             ... with a puff of flame
             ... on level 3 of the Dungeon.
             The game lasted 00:03:52 (3638 turns).

H0rd4k the Magician (Deep Elf Hedge Wizard)         Turns: 3638, Time: 00:03:52

Health: -8/32      AC:  2    Str:  7    XL:     6   Next: 14%
Magic:  8/18       EV: 13    Int: 21    God:
Gold:   168        SH:  0    Dex: 14    Spells: 11/20 levels left

rFire   . . .      SeeInvis .   d - staff of conjuration
rCold   . . .      Faith    .   (no shield)
rNeg    . . .      Spirit   .   b - +0 robe
rPois   .          Reflect  .   c - +0 hat
rElec   .          Harm     .   (no cloak)
rCorr   .          Rampage  .   (no gloves)
Will    .....                   (no boots)
Stlth   ++........              (no amulet)
HPRegen 0.10/turn               (no ring)
MPRegen 0.16/turn               (no ring)

@: invisible
A: no striking features
a: no special abilities


You were on level 3 of the Dungeon.
You visited 1 branch of the dungeon, and saw 4 of its levels.

You collected 168 gold pieces.

Inventory:

Hand Weapons
 a - a +0 dagger
 i - a +2 short sword of draining
Armour
 b - a +0 robe (worn)
 c - a +0 hat (worn)
Magical Staves
 d - a staff of conjuration (weapon)
Wands
 j - a wand of paralysis (4)
Scrolls
 e - 2 scrolls of teleportation {unknown}
 f - a scroll of immolation {unknown}
 g - 3 scrolls of identify {unknown}
 h - a scroll of fear {unknown}
 m - a scroll of amnesia {unknown}
 o - a scroll of vulnerability {unknown}
Potions
 k - a potion of haste {unknown}
 l - a potion of heal wounds {unknown}
 n - a potion of invisibility
 p - a potion of mutation {unknown}
 q - a potion of magic {unknown}


   Skills:
 + Level 3.0 Dodging
 - Level 2.4 Stealth
 + Level 7.5 Spellcasting
 + Level 3.2 Conjurations
 + Level 1.1 Summonings
 + Level 1.1 Translocations
 + Level 1.1 Fire Magic
 + Level 1.4 Air Magic
 + Level 1.0 Poison Magic


You had 11 spell levels left.
You knew the following spells:

 Your Spells              Type           Power      Damage    Failure   Level
a - Magic Dart            Conj           100%       1d8       2%          1
b - Blink                 Tloc           24%        N/A       9%          2
c - Conjure Flame         Conj/Fire      25%        6-21      10%         3
d - Mephitic Cloud        Conj/Pois/Air  23%        N/A       12%         3

Your spell library contained the following spells:

 Spells                   Type           Power      Damage    Failure   Level
 Slow                     Hex            28%        N/A       9%          1
 Call Imp                 Summ           12%        N/A       9%          2


Dungeon Overview and Level Annotations

Branches:
Dungeon (4/15)
 Temple: D:4-7

Altars:

Annotations:
D:4 1 exclusion


Message History

You feel stable enough to blink again.
A magic dart appears from out of thin air!
The magic dart hits you.
You feel a surge of power!
The magic dart hits something.
You feel a surge of power!
The magic dart hits something but does no damage.
Something hits you.
You feel a surge of power!
The magic dart hits something.
The orc priest miscasts a cantrip.
Something hits you.
You feel a surge of power!
The magic dart hits something.
Something hits you.
You feel a surge of power!
The magic dart hits something.
Something hits you.
The orc priest calls upon Beogh to heal the orc.
The orc's wounds heal themselves!
You are too injured to fight recklessly!
You are too injured to fight recklessly!
You are too injured to fight recklessly!
Casting: Magic Dart (safe; 2% risk of failure)
Confirm with . or Enter, or press ? or * to list all spells.
Aiming: Magic Dart (safe; 2% risk of failure)
Press: ? - help, Shift-Dir - straight line, f/p - orc
Aim: an orc, wielding a +0 flail and wearing a +0 chain mail (100% to hit)
You feel a surge of power!
The magic dart hits something but does no damage.
Something hits you but does no damage.
Casting: Magic Dart (safe; 2% risk of failure)
Confirm with . or Enter, or press ? or * to list all spells.
Aiming: Magic Dart (safe; 2% risk of failure)
Press: ? - help, Shift-Dir - straight line, f/p - orc
Aim: an orc, wielding a +0 flail and wearing a +0 chain mail (100% to hit)
You feel a surge of power!
The magic dart hits something.
Something hits you.
The orc priest calls down the wrath of Beogh upon you.
Beogh smites you!
* * * LOW HITPOINT WARNING * * *
It was a potion of invisibility.
You fade into invisibility!
You hear some strange, mumbled words.
A puff of flame appears from out of thin air!
The puff of flame hits you!
You die...

####### ###### ###......
#....# #........ #....#
###.#......
#....############..........
#.........@{oo....8#8......
#....#######......#(#......
#....#######.####.8#8o.....
#...>......................
#............######........
#...o....##.## #.#######
#####....##.# #...
#....##.# #.... #....##.#
#..


You could see an orc priest and an orc.

Vanquished Creatures
  A black bear (D:4)
  A scorpion (D:4)
  A jelly (D:4)
  A hound skeleton (D:4)
  3 adders
  An ufetubus (D:4)
  2 worms
  A dart slug (D:3)
  2 orcs (D:4)
  9 ball pythons
  9 bats
  10 endoplasms
  A giant cockroach (D:2)
  5 goblins
  5 hobgoblins
  9 kobolds
  3 quokkas
  6 frilled lizards (D:2)
  3 rats
73 creatures vanquished.

Vanquished Creatures (others)
  4 plants (D:2)
4 creatures vanquished.

Grand Total: 77 creatures vanquished

Notes
Turn   | Place    | Note
-------+----------+-------------------------------------------
     0 | D:1      | H0rd4k the Deep Elf Hedge Wizard began the quest for the
                  | Orb.
     0 | D:1      | Reached XP level 1. HP: 10/10 MP: 7/7
   451 | D:1      | Reached XP level 2. HP: 15/15 MP: 6/9
   484 | D:1      | Reached skill level 5 in Spellcasting
   811 | D:1      | Found a faded altar of an unknown god.
  1210 | D:2      | Reached XP level 3. HP: 19/19 MP: 8/12
  1215 | D:2      | Learned a level 2 spell: Blink
  1219 | D:2      | Learned a level 3 spell: Conjure Flame
  1223 | D:2      | Learned a level 3 spell: Mephitic Cloud
  1561 | D:2      | Reached skill level 6 in Spellcasting
  2480 | D:3      | Reached XP level 4. HP: 17/24 MP: 8/14
  2884 | D:4      | Reached skill level 1 in Air Magic
  2981 | D:4      | Noticed a black bear
  2991 | D:4      | Killed a black bear
  2992 | D:4      | Reached skill level 1 in Fire Magic
  2992 | D:4      | Reached skill level 1 in Poison Magic
  2992 | D:4      | Reached XP level 5. HP: 24/28 MP: 5/16
  3267 | D:4      | Reached skill level 7 in Spellcasting
  3295 | D:4      | Reached XP level 6. HP: 32/32 MP: 9/18
  3638 | D:3      | Killed from afar by an orc wizard

Illustrated notes

Levels and vault maps discovered:
D:1:      scummos_arrival_star, layout_basic,
          shapermc_ecumenical_altar_totnotflames
D:2:      layout_rooms, minmay_lizard_king
D:3:      layout_basic, minmay_statues_item
D:4:      minmay_door_path, layout_basic, kennysheep_little_box, zin_academy,
          kennysheep_opposing_triangles

Skill      XL: |  1  2  3  4  5 |
---------------+----------------+-----
Spellcasting   | 5 6 7 |  7.5
Conjurations   | 2 3 |  3.2
Air Magic      | 1 |  1.4
Fire Magic     | 1 |  1.1
Poison Magic   | 1 |  1.0
Dodging        | 3 |  3.0
Stealth        | |  2.4
Summonings     | |  1.1
Translocations | |  1.1

Action                   |  1- 3 |  4- 6 || total
-------------------------+-------+-------++-------
 Cast: Magic Dart        |   108 |    61 ||   169
       Conjure Flame     |       |     3 ||     3
       Mephitic Cloud    |       |     2 ||     2
       Blink             |       |     1 ||     1
  Use: Potion            |       |     1 ||     1
Armor: Robe              |     1 |     2 ||     3
Dodge: Dodged            |     7 |     9 ||    16
